 Dungeon Crawl Stone Soup version 0.18-a0-1639-g7533f42 (webtiles) character file.

34 M4edhros the Poker (level 3, 0/26 HPs)
             Began as an Octopode Fighter on Mar 27, 2016.
             Slain by a hobgoblin (2 damage)
             ... on level 2 of the Dungeon.
             The game lasted 00:00:48 (897 turns).

M4edhros the Poker (Octopode Fighter)                Turns: 897, Time: 00:00:48

Health: 0/26       AC:  1    Str: 15    XL:     3   Next: 31%
Magic:  3/3        EV: 10    Int: 15    God:
Gold:   52         SH:  8    Dex: 12    Spells: 0 memorised, 2 levels left

rFire  . . .     SeeInvis .     a - +0 trident
rCold  . . .     Gourm    .     b - +0 shield
rNeg   . . .     Faith    .     (helmet restricted)
rPois  .         Spirit   .     (no amulet)
rElec  .         Dismiss  .     (no ring)
rCorr  .         Reflect  .     (no ring)
SustAt .         Harm     .     (no ring)
MR     .....                    (no ring)
Stlth  ++........               (no ring)
                                (no ring)
                                (no ring)
                                (no ring)

@: brilliant, lethally poisoned (0 -> -1), not resistant to hostile
enchantments, unstealthy
A: almost no armour, amphibious, 8 rings, constrict 8, camouflage 1, gelatinous
body 1
a: no special abilities


You were on level 2 of the Dungeon.
You were not hungry.

You visited 1 branch of the dungeon, and saw 2 of its levels.

You collected 52 gold pieces.

Inventory:

Hand Weapons
 a - a +0 trident (weapon)
 j - a +1 short sword of draining
Missiles
 k - 76 stones (quivered)
Armour
 b - a +0 shield (worn)
Scrolls
 e - 2 scrolls of identify {unknown}
 f - a scroll of remove curse {unknown}
 h - 2 scrolls of teleportation {unknown}
Potions
 c - 3 potions of might
 g - a potion of brilliance
 i - a potion of resistance {unknown}
Comestibles
 d - 2 bread rations


   Skills:
 - Level 3.0 Fighting
 + Level 3.6 Polearms
 - Level 3.0 Dodging
 - Level 3.0 Shields


You had 2 spell levels left.
You didn't know any spells.

Dungeon Overview and Level Annotations

Branches:
Dungeon (2/15)

Altars:

Annotations:
D:2 Natasha


Innate Abilities, Weirdness & Mutations

You cannot wear most types of armour.
You are amphibious.
You can wear up to eight rings at the same time.
You can use your tentacles to constrict eight enemies at once.
Your skin changes colour to match your surroundings (Stealth).
Your rubbery body absorbs attacks (AC +1).


Message History

The adder barely misses you.
You miss the adder. Your grab misses the adder.
You feel sick. The hobgoblin barely misses you. You block the adder's attack.
You barely miss the adder. You grab the adder. You constrict the adder.
The adder bites you. The hobgoblin hits you. Natasha claws you.
The adder bites you.
* * * LOW HITPOINT WARNING * * *
You are too injured to fight recklessly!
Drink which item? (? for menu, Esc to quit)
It was a potion of brilliance.
You feel clever all of a sudden.
You constrict the adder. You block the hobgoblin's attack.
Natasha barely misses you. The adder bites you but does no damage.
You hit Natasha. You grab Natasha.
Natasha is moderately wounded.
You constrict Natasha. You constrict the adder.
You feel sick. The hobgoblin hits you.
* * * LOW HITPOINT WARNING * * *
Natasha closely misses you. The adder misses you. The hobgoblin hits you.
You die...

.##. #...#
....###...#
..........#
..........#
..........#
..........#
.......Sh.######
.......@.......#
$.....g...####.#
##+###....####.####
#...##...†...##
#..!#.8#####8.#
.....#.##...##.#
#.....# #.8.8.#.#
......# #..<..#.#
#.8.8.#.#


You could see Natasha, an adder and a hobgoblin.

Vanquished Creatures
  An adder (D:2)
  An ooze (D:1)
  A giant gecko (D:1)
  4 bats (D:1)
  3 goblins (D:1)
  3 hobgoblins
  2 giant newts (D:1)
  5 kobolds (D:1)
  A rat (D:1)
21 creatures vanquished.

Notes
Turn   | Place    | Note
--------------------------------------------------------------
     0 | D:1      | M4edhros the Octopode Fighter began the quest for the Orb.
     0 | D:1      | Reached XP level 1. HP: 16/16 MP: 1/1
   237 | D:1      | Reached XP level 2. HP: 18/21 MP: 2/2
   783 | D:1      | Reached XP level 3. HP: 26/26 MP: 3/3
   889 | D:2      | Noticed Natasha
   897 | D:2      | Slain by a hobgoblin

Vault maps used:
D:1:      dpeg_arrival_short_road
D:2:      old_standard_altar, lemuel_round_altar, grunt_ministairs_11,
          uniq_natasha, uniq_iyjb, uniq_terence

Skill      XL: |  1  2 |
---------------+-------+-----
Polearms       | 3 |  3.6
Fighting       | |  3.0
Dodging        | |  3.0
Shields        | |  3.0

Action                   || total
-------------------------++-------
Melee: Trident           ||    50
  Use: Potion            ||     1
 Stab: Sleeping          ||     7
